[Event "Titled Tuesday Blitz June 13 Early 2023"]
[White "Pastar, Slaven"]
[Black "Talibov, Shiroghlan"]
[WhiteFideId "14402718"]
[BlackFideId "13429078"]
[WhiteElo "2219"]
[BlackElo "2274"]
[Result "0-1"]
[Round "3"]
[TimeControl "180+2"]
[Date "2023.06.13"]
[WhiteClock "0:00:02"]
[BlackClock "0:00:02"]
[Board "54"]

1. b3 a5 2. Bb2 a4 3. b4 d5 4. e3 Nf6 5. a3 Bf5 6. Nf3 c6 7. c4 e6 8. Nc3 Nbd7 9. cxd5 exd5 10. Nxa4 Bd6 11. Be2 O-O 12. O-O Re8 13. Qb3 Ne4 14. d3 Ng5 15. Rfc1 Nxf3+ 16. Bxf3 Ne5 17. Bxe5 Bxe5 18. d4 Bd6 19. Nc5 Ra7 20. b5 Qe7 21. g3 g6 22. a4 Rea8 23. bxc6 bxc6 24. Qb6 Qe8 25. Qb3 h5 26. Qc3 Kg7 27. h4 f6 28. a5 g5 29. hxg5 fxg5 30. Nd3 g4 31. Bg2 h4 32. gxh4 g3 33. Ne5 gxf2+ 34. Kxf2 Qe7 35. Rh1 Rf8 36. Ke2 Qb7 37. Bf3 Qb5+ 38. Kf2 Bxe5 39. dxe5 Be4 40. Rh3 Kh7 41. Rg3 Raf7 42. e6 Rxf3+ 43. Rxf3 Rxf3+ 44. Kg1 Qe2 45. Qe5 Qf2+ 46. Kh1 Rh3# 0-1


[Site "https://www.chess.com"]

[Event "Titled Tuesday Blitz June 13 Early 2023"]
[White "Girya, Olga"]
[Black "Vignesh N R"]
[WhiteFideId "4195752"]
[BlackFideId "25012215"]
[WhiteElo "2263"]
[BlackElo "2415"]
[Result "0-1"]
[Round "3"]
[TimeControl "180+2"]
[Date "2023.06.13"]
[WhiteClock "0:00:00"]
[BlackClock "0:00:57"]
[Board "55"]

1. d4 Nf6 2. Nf3 d5 3. c4 c6 4. Qb3 g6 5. Nc3 Bg7 6. Bg5 dxc4 7. Qxc4 O-O 8. e3 b5 9. Qb3 Be6 10. Qc2 Nbd7 11. Be2 a5 12. O-O Qb6 13. Rfd1 Rfc8 14. Rac1 h6 15. Bh4 a4 16. Rd2 g5 17. Bg3 Nd5 18. Nxd5 Bxd5 19. b4 axb3 20. axb3 c5 21. e4 Bb7 22. d5 c4 23. bxc4 bxc4 24. Rb1 Qxb1+ 25. Qxb1 Ra1 26. Qxa1 Bxa1 27. Rd1 Bb2 28. Nd4 c3 29. Nc2 Nc5 30. f3 Ba6 0-1


[Site "https://www.chess.com"]

[Event "Titled Tuesday Blitz June 13 Early 2023"]
[White "Thecourseoisildur"]
[Black "Molina, Roberto Junio Brito"]
[BlackFideId "2109450"]
[WhiteElo "2587"]
[BlackElo "2376"]
[Result "0-1"]
[Round "3"]
[TimeControl "180+2"]
[Date "2023.06.13"]
[WhiteClock "0:00:00"]
[BlackClock "0:00:14"]
[Board "56"]

1. e4 c6 2. d4 d5 3. e5 Bf5 4. h4 Qb6 5. a4 h6 6. a5 Qc7 7. g4 Bd7 8. c3 c5 9. Be3 Nc6 10. a6 b6 11. Ne2 Bxg4 12. dxc5 Nxe5 13. Bg2 Nf6 14. cxb6 axb6 15. Bf4 e6 16. Qa4+ Kd8 17. Bxe5 Qxe5 18. f3 Bf5 19. Qc6 Qb8 20. Nd4 Bxb1 21. Rxb1 Rxa6 22. Qb5 Qb7 23. Nc6+ Kc7 24. Nb4 Ra5 25. Qe2 Bc5 26. Nd3 Bd6 27. b4 Ra3 28. O-O Rc8 29. Nc5 bxc5 30. bxc5 Qa6 31. cxd6+ Kxd6 32. Qf2 Qa7 0-1


[Site "https://www.chess.com"]

[Event "Titled Tuesday Blitz June 13 Early 2023"]
[White "Hafiz, Arif Abdul"]
[Black "Yaniuk, Volodymyr"]
[WhiteFideId "7104227"]
[BlackFideId "14133083"]
[WhiteElo "2198"]
[BlackElo "2141"]
[Result "1-0"]
[Round "3"]
[TimeControl "180+2"]
[Date "2023.06.13"]
[WhiteClock "0:01:33"]
[BlackClock "0:00:16"]
[Board "57"]

1. e4 e5 2. Nc3 Nf6 3. f4 d5 4. fxe5 Nxe4 5. Qf3 Nc6 6. Bb5 Nxc3 7. bxc3 a6 8. Bxc6+ bxc6 9. d4 a5 10. Ne2 g5 11. O-O Be6 12. Ng3 c5 13. a4 Rg8 14. Nh5 Be7 15. Ba3 g4 16. Qd3 Rg5 17. Qxh7 Kd7 18. Bxc5 Bxc5 19. dxc5 Kc6 20. Ng3 Qe7 21. Ne2 Qxc5+ 22. Nd4+ Kb7 23. Qd3 Qc4 24. Rab1+ Kc8 25. Qxc4 dxc4 26. Nxe6 fxe6 27. Rf8+ Kd7 28. Rxa8 1-0


[Site "https://www.chess.com"]

[Event "Titled Tuesday Blitz June 13 Early 2023"]
[White "Milikow, Yoav"]
[Black "Shukhman, Anna"]
[WhiteFideId "2822237"]
[BlackFideId "54180058"]
[WhiteElo "2410"]
[BlackElo "2235"]
[Result "1/2-1/2"]
[Round "3"]
[TimeControl "180+2"]
[Date "2023.06.13"]
[WhiteClock "0:00:10"]
[BlackClock "0:00:12"]
[Board "58"]

1. d4 Nf6 2. c4 g6 3. Nc3 d5 4. cxd5 Nxd5 5. e4 Nxc3 6. bxc3 Bg7 7. Qa4+ c6 8. Nf3 O-O 9. Be2 b5 10. Qa3 Nd7 11. O-O a5 12. Bg5 Nf6 13. Bd3 Be6 14. Rad1 Qc7 15. Rfe1 Bg4 16. e5 Nd5 17. Be4 b4 18. cxb4 axb4 19. Qb2 Nc3 20. Rc1 Rxa2 21. Qxb4 Ne2+ 22. Rxe2 Rxe2 23. Bxc6 Bxf3 24. Bxf3 Rc2 25. Rxc2 Qxc2 26. g3 e6 27. Kg2 Rc8 28. Qb7 h6 29. Be3 Qc7 30. Qe4 Qa5 31. h4 h5 32. Qb7 Qc7 33. Qe4 Qa5 34. Qb7 Rc2 35. Be4 Ra2 36. Qc8+ Kh7 37. Qd7 Kg8 38. Qe8+ Bf8 39. Bxg6 Qd5+ 40. Kh2 fxg6 41. Qxg6+ Bg7 42. Qe8+ Bf8 43. Qg6+ Kh8 44. Qxh5+ Kg8 45. Qg6+ Bg7 46. Qe8+ Bf8 47. Qg6+ Bg7 48. Qe8+ Bf8 49. Qg6+ 1/2-1/2


[Site "https://www.chess.com"]

[Event "Titled Tuesday Blitz June 13 Early 2023"]
[White "Aradhya, Garg"]
[Black "Vovk, Orest"]
[WhiteFideId "25006746"]
[BlackFideId "14113490"]
[WhiteElo "2263"]
[BlackElo "2215"]
[Result "1/2-1/2"]
[Round "3"]
[TimeControl "180+2"]
[Date "2023.06.13"]
[WhiteClock "0:01:22"]
[BlackClock "0:00:08"]
[Board "59"]

1. d4 h6 2. e4 g5 3. h4 g4 4. Qxg4 d5 5. Qe2 dxe4 6. Nc3 Qxd4 7. Qxe4 Qxe4+ 8. Nxe4 Bg7 9. Nf3 Nf6 10. Nxf6+ Bxf6 11. c3 Nc6 12. Bf4 e5 13. Be3 Bg4 14. Nd2 O-O-O 15. f3 Be6 16. g4 Be7 17. Bc4 Bxc4 18. Nxc4 f5 19. gxf5 Rdf8 20. Ke2 Rxf5 21. Raf1 Rh5 22. f4 exf4 23. Rxf4 Re8 24. Re4 Rg8 25. Rh2 b5 26. Nd2 Bd6 27. Rf2 Ne5 28. a4 a6 29. axb5 axb5 30. Nf3 Nxf3 31. Rxf3 Rg2+ 32. Rf2 Rxf2+ 33. Bxf2 Rf5 34. Re8+ Kd7 35. Rh8 h5 36. Be3 Be7 37. Bf2 c5 38. Rh7 c4 39. Be3 Ke6 40. Bf2 Bf6 41. Ra7 b4 42. Rc7 bxc3 43. bxc3 Rf4 44. Bd4 Bxd4 45. Rxc4 Be5 46. Rxf4 Bxf4 47. Kf3 Kf5 48. c4 Be5 49. c5 Bb8 50. c6 Bc7 51. Kg2 Kg4 52. Kh1 Kg3 53. Kg1 Kxh4 54. Kg2 Kg4 55. Kh1 h4 56. Kg2 h3+ 57. Kh1 Kf5 58. Kg1 Ke6 59. Kh1 Kd5 60. Kg1 Kxc6 61. Kh1 Kd5 62. Kg1 Ke4 63. Kh1 Kf3 64. Kg1 Kg3 65. Kh1 Bb6 1/2-1/2


[Site "https://www.chess.com"]

[Event "Titled Tuesday Blitz June 13 Early 2023"]
[White "Hajiyev, Kanan"]
[Black "Shuvalova, Polina"]
[WhiteFideId "13404148"]
[BlackFideId "24171760"]
[WhiteElo "2115"]
[BlackElo "2281"]
[Result "1-0"]
[Round "3"]
[TimeControl "180+2"]
[Date "2023.06.13"]
[WhiteClock "0:00:34"]
[BlackClock "0:00:41"]
[Board "60"]

1. d4 Nf6 2. Nf3 e6 3. c4 d5 4. cxd5 exd5 5. Nc3 c5 6. g3 Nc6 7. Bg2 cxd4 8. Nxd4 Bc5 9. Nb3 Bb6 10. O-O d4 11. Na4 O-O 12. Nxb6 axb6 13. Bg5 Re8 14. e3 d3 15. Bxf6 gxf6 16. Qd2 Bf5 17. Rfc1 Qd6 18. Rc3 Ra4 19. a3 Bg6 20. Rd1 Bh5 21. Qxd3 Qe6 22. Rdc1 Ne5 23. Qb5 Raa8 24. Nd4 Qd6 25. f4 Ra5 26. Qxe8+ Kg7 27. Nf5+ 1-0


[Site "https://www.chess.com"]

[Event "Titled Tuesday Blitz June 13 Early 2023"]
[White "Starozhilov, Leonid"]
[Black "Fieberg, Samuel"]
[WhiteFideId "14106752"]
[BlackFideId "12901717"]
[WhiteElo "2352"]
[BlackElo "2545"]
[Result "1/2-1/2"]
[Round "3"]
[TimeControl "180+2"]
[Date "2023.06.13"]
[WhiteClock "0:00:25"]
[BlackClock "0:00:17"]
[Board "61"]

1. e4 e6 2. d4 d5 3. Nc3 Nf6 4. Bg5 dxe4 5. Nxe4 Be7 6. Nxf6+ Bxf6 7. Bxf6 Qxf6 8. Nf3 c5 9. c3 cxd4 10. Qxd4 Qxd4 11. Nxd4 Bd7 12. O-O-O a6 13. Be2 Nc6 14. Bf3 O-O-O 15. Rd2 Nxd4 16. Rxd4 e5 17. Rd5 f6 18. Rhd1 b6 19. Rxd7 Rxd7 20. Bg4 Rd8 21. Kc2 Kc7 22. Rxd7+ Rxd7 23. Bxd7 Kxd7 24. c4 Kd6 25. Kd3 f5 26. f3 Kc5 27. Kc3 a5 28. b3 Kd6 29. a3 Kc6 30. b4 axb4+ 31. axb4 Kd6 32. Kd3 Kc6 33. Ke3 Kd6 34. g3 Ke6 35. Kd3 Kd6 36. Ke3 Ke6 37. Kd3 Kd6 38. Ke3 1/2-1/2


[Site "https://www.chess.com"]

[Event "Titled Tuesday Blitz June 13 Early 2023"]
[White "Csonka, Balazs"]
[Black "Aloma Vidal, Robert"]
[WhiteFideId "742910"]
[BlackFideId "2260409"]
[WhiteElo "2404"]
[BlackElo "2435"]
[Result "1-0"]
[Round "3"]
[TimeControl "180+2"]
[Date "2023.06.13"]
[WhiteClock "0:00:03"]
[BlackClock "0:00:00"]
[Board "62"]

1. e4 e5 2. Nf3 Nf6 3. Nc3 Nc6 4. d4 exd4 5. Nxd4 Bb4 6. Nxc6 bxc6 7. Bd3 O-O 8. O-O d5 9. Bd2 Rb8 10. Re1 Re8 11. exd5 Rxe1+ 12. Qxe1 cxd5 13. a3 Bf8 14. b4 c5 15. bxc5 Bxc5 16. Bf4 Rb7 17. Ne2 Re7 18. Qc3 Qb6 19. Bg3 Bg4 20. Re1 Ne4 21. Bxe4 dxe4 22. h3 Bf5 23. Nf4 h6 24. Nd5 Qb7 25. Qxc5 Re6 26. Ne7+ Rxe7 27. Qxf5 Re6 28. Kh2 Qc6 29. Re2 g6 30. Qf4 g5 31. Qe3 f5 32. f4 1-0


[Site "https://www.chess.com"]

[Event "Titled Tuesday Blitz June 13 Early 2023"]
[White "Santos Flores, Alberto"]
[Black "Liyanage, Ranindu Dilshan"]
[WhiteFideId "3601234"]
[BlackFideId "9915834"]
[WhiteElo "2235"]
[BlackElo "2216"]
[Result "0-1"]
[Round "3"]
[TimeControl "180+2"]
[Date "2023.06.13"]
[WhiteClock "0:00:00"]
[BlackClock "0:00:04"]
[Board "63"]

1. e4 c5 2. Nf3 a6 3. g3 b5 4. Bg2 Bb7 5. Qe2 e6 6. O-O d6 7. c3 Nf6 8. d3 Be7 9. h4 Nbd7 10. Nbd2 Rc8 11. d4 cxd4 12. cxd4 Nb6 13. e5 dxe5 14. dxe5 Ng4 15. Ne4 Nc4 16. Bf4 Qb6 17. b3 Na5 18. Nfg5 Nh6 19. Rad1 Nf5 20. Nd6+ Bxd6 21. exd6 O-O 22. Bxb7 Nxb7 23. h5 h6 24. Ne4 Rcd8 25. Qd2 Rd7 26. Bxh6 Nxh6 27. Nf6+ gxf6 28. Qxh6 Qc5 29. Qxf6 Qxh5 30. Kg2 Qg6 31. Qf4 Nc5 32. f3 Rfd8 33. Rh1 Qg7 34. Rh4 e5 35. Qf5 Rxd6 36. Rg4 Rxd1 37. Rxg7+ Kxg7 38. Qxe5+ f6 39. Qxc5 R1d2+ 40. Kh3 Kg6 41. Kg4 R2d5 42. Qe7 f5+ 43. Kf4 Rd4+ 44. Ke3 Rd3+ 45. Kf4 R8d4+ 46. Ke5 Re3+ 0-1


[Site "https://www.chess.com"]

[Event "Titled Tuesday Blitz June 13 Early 2023"]
[White "Skvortsov, Andrei"]
[Black "Shubenkova, Veronika"]
[WhiteFideId "24108600"]
[BlackFideId "44124040"]
[WhiteElo "2259"]
[BlackElo "2060"]
[Result "1-0"]
[Round "3"]
[TimeControl "180+2"]
[Date "2023.06.13"]
[WhiteClock "0:00:10"]
[BlackClock "0:00:03"]
[Board "64"]

1. e4 e6 2. d4 d5 3. exd5 exd5 4. Nf3 Nf6 5. Bd3 Bd6 6. Qe2+ Qe7 7. Qxe7+ Bxe7 8. Bf4 c6 9. O-O O-O 10. Re1 Re8 11. Nbd2 Nbd7 12. Ne5 Nxe5 13. Rxe5 Be6 14. Re2 Rad8 15. Rae1 h6 16. Nf3 g5 17. Bc1 Kg7 18. c3 Bd6 19. Ne5 Bxe5 20. Rxe5 Bd7 21. f3 Rxe5 22. Rxe5 Re8 23. Kf2 Rxe5 24. dxe5 Ne8 25. Be3 b6 26. c4 Nc7 27. g3 dxc4 28. Bxc4 Be6 29. b3 Bxc4 30. bxc4 Kg6 31. g4 Ne6 32. Ke2 f5 33. exf6 Kxf6 34. Bd2 Ke5 35. Ke3 Kd6 36. Bb4+ Ke5 37. Ba3 a5 38. Be7 b5 39. cxb5 cxb5 40. Ba3 Kd5 41. Bb2 Kc4 42. Ke4 b4 43. Kf5 Nc5 44. Kg6 Nd3 45. Bf6 Ne1 46. Kxh6 Nxf3 47. h3 a4 48. Kh5 a3 49. Bg7 Kd3 50. Bf8 Kc4 51. Bg7 Kd3 52. Bf8 Kc3 53. Bg7+ Nd4 54. Bf8 Ne6 55. Bd6 Nf4+ 56. Kxg5 Nxh3+ 57. Kh4 Nf2 58. Be5+ Kc4 59. Kg3 Nd3 60. Ba1 Nc1 61. g5 Nxa2 62. g6 b3 63. g7 Kd3 64. g8=Q Kc2 65. Qg6+ Kc1 66. Qc6+ Kb1 67. Be5 b2 68. Qe4+ Ka1 69. Qc2 Nc1 70. Qxc1+ Ka2 71. Qc4+ Ka1 72. Qc3 Ka2 73. Qc2 Ka1 74. Qb3 a2 75. Qxb2# 1-0


[Site "https://www.chess.com"]

[Event "Titled Tuesday Blitz June 13 Early 2023"]
[White "Grossboss19"]
[Black "Arabidze, Meri"]
[BlackFideId "13604040"]
[WhiteElo "2432"]
[BlackElo "2405"]
[Result "0-1"]
[Round "3"]
[TimeControl "180+2"]
[Date "2023.06.13"]
[WhiteClock "0:00:00"]
[BlackClock "0:00:32"]
[Board "65"]

1. c4 e6 2. Nc3 d5 3. d4 Nf6 4. cxd5 exd5 5. Bg5 c6 6. e3 Be7 7. Bd3 Nbd7 8. Qc2 O-O 9. h3 Re8 10. Nf3 Nf8 11. O-O h6 12. Bf4 Bd6 13. Ne5 Qe7 14. Bh2 a6 15. Rae1 Be6 16. f4 c5 17. Qf2 b5 18. f5 Bd7 19. Qf3 Rad8 20. Nxd5 Nxd5 21. Qxd5 Bxe5 22. Qxe5 Qg5 23. Qf4 Bc6 24. Qxg5 hxg5 25. Rf2 cxd4 26. e4 f6 27. Rfe2 Nd7 28. e5 Nxe5 29. Bxe5 fxe5 30. Rxe5 Kf7 31. Kf2 Bd5 32. b3 Rxe5 33. Rxe5 Kf6 34. Re2 Rc8 35. Rc2 Rc3 36. Rxc3 dxc3 37. b4 Bxa2 38. Bc2 Bd5 39. g3 Ke5 40. Ke3 Bc4 41. h4 gxh4 42. gxh4 Bd5 43. h5 Bf7 44. Bd1 Bc4 45. Bc2 Bf1 46. f6 Kxf6 47. Kd4 Be2 48. Kxc3 Bxh5 49. Kd4 Be2 50. Kc5 g5 51. Kb6 g4 52. Kxa6 Ke5 53. Bg6 g3 0-1


[Site "https://www.chess.com"]

[Event "Titled Tuesday Blitz June 13 Early 2023"]
[White "MKlose11"]
[Black "Sadhwani, Raunak"]
[BlackFideId "35093487"]
[WhiteElo "2532"]
[BlackElo "2631"]
[Result "0-1"]
[Round "3"]
[TimeControl "180+2"]
[Date "2023.06.13"]
[WhiteClock "0:00:04"]
[BlackClock "0:00:05"]
[Board "66"]

1. e4 d6 2. d4 g6 3. Nc3 Bg7 4. Bg5 c6 5. a4 h6 6. Be3 Nf6 7. f3 O-O 8. Bc4 e5 9. Nge2 Qe7 10. Qd2 a5 11. O-O-O h5 12. h4 exd4 13. Nxd4 Nbd7 14. Bg5 Ne5 15. Bb3 Qc7 16. g4 hxg4 17. f4 Nf3 18. Nxf3 gxf3 19. Rdg1 Nh5 20. f5 Kh7 21. f6 Bh8 22. Qe3 Be6 23. Qxf3 Bxb3 24. cxb3 Rae8 25. Ne2 Qb6 26. Ng3 Nxg3 27. Rxg3 Qc5+ 28. Kb1 Qe5 29. Rg4 Kg8 30. h5 Re6 31. hxg6 fxg6 32. Qh3 Kf7 33. Qh7+ Ke8 34. Qxg6+ Kd8 35. Rxh8 Rxh8 36. f7+ Kc7 37. Qg8 Re8 38. Qxe8 Rxe8 39. fxe8=Q Qxe8 40. Bc1 Qe6 41. Rf4 Qxb3 42. e5 Qd3+ 43. Ka1 dxe5 44. Rf7+ Kc8 45. Rf8+ Kd7 46. Rh8 Qc2 47. Rh4 Qxc1+ 0-1


[Site "https://www.chess.com"]

[Event "Titled Tuesday Blitz June 13 Early 2023"]
[White "Erigaisi Arjun"]
[Black "Bethke, Richard"]
[WhiteFideId "35009192"]
[BlackFideId "12959243"]
[WhiteElo "2719"]
[BlackElo "2369"]
[Result "1-0"]
[Round "3"]
[TimeControl "180+2"]
[Date "2023.06.13"]
[WhiteClock "0:00:44"]
[BlackClock "0:00:04"]
[Board "67"]

1. g4 d5 2. e3 e5 3. Bg2 Nc6 4. h3 Bc5 5. Ne2 Nge7 6. d4 Bb6 7. Nbc3 h5 8. gxh5 Rxh5 9. Ng3 Rh4 10. dxe5 Nxe5 11. Nxd5 Bxh3 12. Rxh3 Rxh3 13. Bxh3 Qxd5 14. Qxd5 Nxd5 15. Ke2 Rd8 16. a3 g6 17. e4 Ne7 18. Bg5 Nc4 19. b3 Bd4 20. c3 Bxc3 21. Rc1 Nxa3 22. Rxc3 Nb5 23. Rd3 Nd4+ 24. Kf1 c5 25. Ne2 b5 26. Nxd4 cxd4 27. Bf6 a5 28. Ke2 a4 29. bxa4 bxa4 30. Ra3 d3+ 31. Kd2 Rd6 32. Be5 Ra6 33. Kxd3 f5 34. f4 fxe4+ 35. Kxe4 Kf7 36. Bf1 Ra8 37. Bb5 Nc8 38. Rxa4 Rxa4+ 39. Bxa4 Nb6 40. Bb5 Nc8 41. Bc7 Ke6 42. Be8 Ne7 43. Be5 g5 44. fxg5 Nf5 45. Bd7+ Kxd7 46. Kxf5 Ke7 47. Kg6 Kf8 48. Kh7 Kf7 49. g6+ Ke6 50. g7 1-0


[Site "https://www.chess.com"]

[Event "Titled Tuesday Blitz June 13 Early 2023"]
[White "Devaev, Alexander"]
[Black "Madaminov, Mukhiddin"]
[WhiteFideId "4169395"]
[BlackFideId "14210703"]
[WhiteElo "2172"]
[BlackElo "2511"]
[Result "0-1"]
[Round "3"]
[TimeControl "180+2"]
[Date "2023.06.13"]
[WhiteClock "0:00:00"]
[BlackClock "0:00:10"]
[Board "68"]

1. Nf3 Nf6 2. c4 e6 3. Nc3 d5 4. d4 Bb4 5. Bg5 Nbd7 6. e3 h6 7. Bxf6 Qxf6 8. cxd5 exd5 9. Qb3 Qd6 10. Bd3 c6 11. O-O O-O 12. Rad1 Ba5 13. h3 Bc7 14. Bb1 Re8 15. Rfe1 Nf8 16. a3 a5 17. Qc2 Qf6 18. Qe2 Ng6 19. Nh2 Nh4 20. Qh5 Bxh2+ 21. Kxh2 Qxf2 22. Re2 Qf6 23. e4 Be6 24. e5 Qg5 25. Qxg5 hxg5 26. Rf1 g6 27. g4 Kg7 28. Kg3 b6 29. Na4 Rab8 30. Bd3 Rec8 31. Rc1 Bd7 32. Nc3 Be6 33. Na4 Bd7 34. Nc3 Be8 35. Rec2 Rd8 36. Nd1 Rbc8 37. Ba6 Rc7 38. Ne3 Ra7 39. Bd3 f6 40. exf6+ Kxf6 41. Rf1+ Kg7 42. Rcf2 Re7 0-1


[Site "https://www.chess.com"]

[Event "Titled Tuesday Blitz June 13 Early 2023"]
[White "Horak, Martin"]
[Black "Kevlishvili, Robby"]
[WhiteFideId "367095"]
[BlackFideId "1040634"]
[WhiteElo "2091"]
[BlackElo "2572"]
[Result "0-1"]
[Round "3"]
[TimeControl "180+2"]
[Date "2023.06.13"]
[WhiteClock "0:00:02"]
[BlackClock "0:00:06"]
[Board "69"]

1. e4 b5 2. Nf3 a6 3. d4 Bb7 4. Bd3 e6 5. O-O c5 6. c3 cxd4 7. cxd4 Nf6 8. Re1 Be7 9. a4 b4 10. Nbd2 O-O 11. Nf1 Nc6 12. Ng3 Rc8 13. e5 Nd5 14. Qe2 Na5 15. Qe4 f5 16. exf6 Nxf6 17. Qe2 Nb3 18. Rb1 Nxc1 19. Rbxc1 Qb6 20. Ne4 a5 21. Nxf6+ Bxf6 22. Be4 Bxe4 23. Qxe4 b3 24. g3 Qb4 25. Rxc8 Rxc8 26. Ne5 Bxe5 27. dxe5 Qxe4 28. Rxe4 Rc2 29. Rd4 Rxb2 30. Rxd7 g5 31. Rb7 g4 32. Kg2 h5 33. h3 Kf8 34. hxg4 hxg4 35. Kf1 Rb1+ 36. Kg2 b2 37. Kh2 Ke8 38. Kg2 Kd8 39. Kh2 Kc8 40. Rb5 Kc7 41. Kg2 Kc6 42. Kh2 Ra1 43. Rxb2 Rxa4 44. Rd2 Re4 45. Rd6+ Kb5 46. Rxe6 a4 47. Re8 a3 48. e6 a2 49. e7 a1=Q 50. Rb8+ Kc6 51. e8=Q+ Rxe8 52. Rxe8 Qd4 53. Kg2 Kd7 54. Re3 Kd6 55. Kg1 Qd1+ 56. Kg2 Kd5 57. Kh2 Kd4 58. Kg2 Qa4 59. Re2 Qc6+ 60. Kg1 Qf3 61. Re3 Qxe3 62. fxe3+ Kxe3 63. Kg2 Ke2 64. Kh2 Kf3 65. Kh1 Kxg3 66. Kg1 Kh3 67. Kh1 g3 68. Kg1 g2 0-1


[Site "https://www.chess.com"]

[Event "Titled Tuesday Blitz June 13 Early 2023"]
[White "Sowul, Bartosz"]
[Black "Aditya Mittal"]
[WhiteFideId "1137590"]
[BlackFideId "35042025"]
[WhiteElo "2188"]
[BlackElo "2421"]
[Result "1-0"]
[Round "3"]
[TimeControl "180+2"]
[Date "2023.06.13"]
[WhiteClock "0:00:12"]
[BlackClock "0:00:04"]
[Board "70"]

1. e4 c5 2. Nc3 d6 3. d4 cxd4 4. Qxd4 Nc6 5. Qd2 g6 6. b3 Bh6 7. f4 f5 8. Bb2 Nf6 9. O-O-O Rf8 10. Kb1 fxe4 11. Nge2 Bg4 12. h3 Bxe2 13. Bxe2 Qb6 14. Rhf1 O-O-O 15. g4 Bg7 16. g5 Ne8 17. Nd5 Qa5 18. Qxa5 Nxa5 19. Bxg7 Nxg7 20. Nxe7+ Kb8 21. Rd4 Rfe8 22. Nd5 Nc6 23. Rdd1 Nf5 24. Nf6 Re7 25. Nd5 Rf7 26. Bc4 Rff8 27. Rde1 Rde8 28. Nf6 Re7 29. Rxe4 Rxe4 30. Nxe4 Ne3 31. Rf2 d5 32. Nc5 Rf7 33. Be2 b6 34. Nd3 Nd4 35. Bg4 Kc7 36. Ne5 Rf8 37. Kb2 Nxg4 38. hxg4 Ne6 39. Nd3 Kd6 40. Rh2 Rf7 41. Ne5 Re7 42. Nd3 Rf7 43. Rg2 Nxf4 44. Nxf4 Rxf4 45. Rh2 Rxg4 46. Rxh7 a5 47. Rb7 Kc6 48. Rf7 Rxg5 49. Rf6+ Kc5 50. Kc3 Rg3+ 51. Kd2 d4 52. Ke2 b5 53. a3 a4 54. Kf2 Rg5 55. b4+ Kc4 56. Rc6+ Kd5 57. Rc5+ Ke4 58. Rxg5 d3 59. cxd3+ Kxd3 60. Rxb5 Kc4 61. Ra5 Kb3 62. b5 Kxa3 63. b6 g5 64. b7 g4 65. b8=Q g3+ 66. Kg2 Ka2 67. Qb4 a3 68. Rxa3# 1-0


[Site "https://www.chess.com"]

[Event "Titled Tuesday Blitz June 13 Early 2023"]
[White "Maksimovic, Bojan"]
[Black "brm72"]
[WhiteFideId "14408120"]
[WhiteElo "2457"]
[BlackElo "2522"]
[Result "0-1"]
[Round "3"]
[TimeControl "180+2"]
[Date "2023.06.13"]
[WhiteClock "0:00:06"]
[BlackClock "0:00:08"]
[Board "71"]

1. e4 c6 2. d4 d5 3. Nc3 dxe4 4. Nxe4 Nf6 5. Nxf6+ exf6 6. c3 Bd6 7. Bd3 O-O 8. Qc2 Re8+ 9. Ne2 h5 10. O-O Qc7 11. Ng3 h4 12. Nh5 Bxh2+ 13. Kh1 Bg4 14. Nxg7 Kxg7 15. Qd2 Rh8 16. b3 Nd7 17. c4 Nf8 18. Bb2 Ng6 19. Rae1 Rae8 20. Bc1 Bf4 21. Qc2 h3 22. g3 Bxg3 23. fxg3 Qxg3 24. Be4 h2 25. Qg2 Qh4 26. Qd2 Bh3 27. Bg2 Bxg2+ 28. Kxg2 h1=Q+ 29. Rxh1 Qg4+ 30. Kf2 Rxe1 31. Qxe1 Qxd4+ 32. Be3 Qb2+ 33. Kg3 Qe5+ 34. Kg2 Qe4+ 35. Kf2 Qxh1 36. Qc3 Rh2+ 37. Kg3 Qg2# 0-1


[Site "https://www.chess.com"]

[Event "Titled Tuesday Blitz June 13 Early 2023"]
[White "Nguyen, Ngoc Truong Son"]
[Black "Rutvij09"]
[WhiteFideId "12401110"]
[WhiteElo "2556"]
[BlackElo "2518"]
[Result "0-1"]
[Round "3"]
[TimeControl "180+2"]
[Date "2023.06.13"]
[WhiteClock "0:01:28"]
[BlackClock "0:02:06"]
[Board "72"]

1. d4 d6 2. e4 g6 3. Nc3 Bg7 4. h4 Nf6 5. Bg5 Nbd7 6. Qd2 h6 7. Be3 Ng4 8. Bf4 e5 9. dxe5 dxe5 10. Bg3 h5 11. Nh3 Bh6 12. Qd1 c6 13. Be2 Qb6 14. Rb1 Nc5 15. b4 Ne6 16. Bxg4 hxg4 17. Qxg4 Qd4 18. Ne2 Qd2+ 19. Kf1 Nd4 0-1


[Site "https://www.chess.com"]

[Event "Titled Tuesday Blitz June 13 Early 2023"]
[White "Khater, Sherif"]
[Black "Suyarov, Mukhammadzokhid"]
[WhiteFideId "2034280"]
[BlackFideId "14210495"]
[WhiteElo "2516"]
[BlackElo "2361"]
[Result "1-0"]
[Round "3"]
[TimeControl "180+2"]
[Date "2023.06.13"]
[WhiteClock "0:00:33"]
[BlackClock "0:00:20"]
[Board "73"]

1. e4 e6 2. Nc3 d5 3. d3 Nf6 4. Qe2 Be7 5. g3 O-O 6. Bg2 c5 7. Nf3 Nc6 8. O-O a6 9. h3 b5 10. Kh2 b4 11. Nd1 a5 12. e5 Nd7 13. g4 Ba6 14. Re1 a4 15. Bf4 Rc8 16. Qd2 Qb6 17. b3 a3 18. h4 Nd4 19. Ne3 Rc7 20. h5 Rfc8 21. g5 Nxf3+ 22. Bxf3 c4 23. bxc4 dxc4 24. d4 b3 25. d5 c3 26. Qd1 Qb4 27. Kg3 b2 28. Rb1 Rc4 29. Nxc4 Bxc4 30. dxe6 Bxe6 31. Bd5 Nf8 32. Re4 Qb5 33. Rd4 Bc5 34. Rd3 Bxd5 35. Rxd5 Ne6 36. Be3 g6 37. h6 Qb4 38. Qd3 Be7 39. f4 Qb7 40. Rd7 Qb4 41. Qd5 Bf8 42. Rxf7 Kxf7 43. Qd7+ Be7 44. Qxc8 Qe4 45. Qxc3 Bb4 46. Qd3 Qxd3 47. cxd3 Bc5 48. Kf3 Ke7 49. Ke4 Bxe3 50. Kxe3 Nc7 51. d4 Nd5+ 52. Kd3 Nxf4+ 53. Kc3 Ne2+ 54. Kb3 Nxd4+ 55. Kxa3 Nf3 56. Kxb2 Nxg5 57. a4 Nf7 58. Kc3 Nxe5 59. a5 Nc6 60. a6 Kf6 61. Rb6 1-0


[Site "https://www.chess.com"]

[Event "Titled Tuesday Blitz June 13 Early 2023"]
[White "Rahman, Masruri"]
[Black "Bilan, Danila"]
[WhiteFideId "7101163"]
[BlackFideId "24161918"]
[WhiteElo "2256"]
[BlackElo "2146"]
[Result "1-0"]
[Round "3"]
[TimeControl "180+2"]
[Date "2023.06.13"]
[WhiteClock "0:00:11"]
[BlackClock "0:00:03"]
[Board "74"]

1. d4 d5 2. Bf4 Nf6 3. e3 c5 4. Nc3 e6 5. Nb5 Na6 6. c3 Be7 7. Nf3 O-O 8. Ne5 Ne4 9. Bd3 Nd6 10. a4 Nxb5 11. axb5 Nb8 12. Qh5 g6 13. Qg4 Nd7 14. h4 Nxe5 15. dxe5 f5 16. Qg3 Kf7 17. Bg5 Bd7 18. f4 h5 19. c4 dxc4 20. Bxc4 a6 21. bxa6 b5 22. Be2 Bc6 23. Bxe7 Qxe7 24. O-O Rfd8 25. Rfd1 c4 26. Bf3 Rxd1+ 27. Bxd1 Qb4 28. Qf2 Rd8 29. Bf3 Rd2 30. Bxc6 Rxf2 31. a7 Rxb2 32. a8=Q Rb1+ 33. Rxb1 Qxb1+ 34. Kh2 Qe1 35. Qe8+ Kg7 36. Qe7+ Kh6 37. Qg5+ Kg7 38. Be8 Kf8 39. Bxg6 Qb4 40. Qf6+ Kg8 41. Qf7+ 1-0


[Site "https://www.chess.com"]

[Event "Titled Tuesday Blitz June 13 Early 2023"]
[White "Berezin, Viktor"]
[Black "Perez Ponsa, Federico"]
[WhiteFideId "14107872"]
[BlackFideId "117927"]
[WhiteElo "2310"]
[BlackElo "2590"]
[Result "0-1"]
[Round "3"]
[TimeControl "180+2"]
[Date "2023.06.13"]
[WhiteClock "0:00:14"]
[BlackClock "0:01:29"]
[Board "75"]

1. d4 Nf6 2. Nf3 g6 3. g3 Bg7 4. Bg2 O-O 5. O-O d6 6. a4 Nbd7 7. Nc3 c6 8. a5 Qc7 9. e4 e5 10. h3 Rb8 11. dxe5 dxe5 12. Be3 b5 13. axb6 axb6 14. Nd2 b5 15. Ra7 Rb7 16. Rxb7 Bxb7 17. Nb3 Ra8 18. Qd2 b4 19. Ne2 c5 20. Ra1 Rxa1+ 21. Nxa1 Nxe4 22. Qd1 Nef6 23. Bxb7 Qxb7 24. Nb3 c4 25. Nc5 Nxc5 26. Qd8+ Bf8 27. Bxc5 Nd7 28. Bd6 Kg7 29. Bxf8+ Nxf8 30. Qd6 Qe4 31. Qd2 Ne6 32. Kf1 b3 33. cxb3 cxb3 34. Qd1 Qh1+ 35. Ng1 Nd4 36. Qd3 h5 37. Qe3 Qd5 38. Ne2 Qb5 39. Qd2 Qc4 40. Qd1 Qc2 41. Ke1 Nf3+ 0-1


[Site "https://www.chess.com"]